 Dungeon Crawl Stone Soup version 0.21-a0-509-gecc5317 (webtiles) character file.

1508 BingusPrime the Slasher (level 8, -13/63 HPs)
             Began as a Barachi Skald on Nov 30, 2017.
             Mangled by a two-headed ogre
             ... wielding a +0 giant club
              (20 damage)
             ... on level 6 of the Dungeon.
             The game lasted 00:48:59 (6230 turns).

BingusPrime the Slasher (Barachi Skald)             Turns: 6230, Time: 00:49:00

Health: -13/63     AC:  7    Str: 14    XL:     8   Next: 82%
Magic:  1/13       EV: 17    Int: 13    God:
Gold:   346        SH:  0    Dex: 18    Spells: 5/14 levels left

rFire    . . .     SeeInvis .   a - +0 falchion
rCold    . . .     Gourm    .   (no shield)
rNeg     . . .     Faith    .   b - +0 leather armour
rPois    .         Spirit   .   q - +2 helmet
rElec    .         Reflect  .   (no cloak)
rCorr    .         Harm     .   (no gloves)
MR       .....                  f - +0 pair of boots
Stlth    +.........             n - amulet of regeneration
HPRegen  0.60/turn              j - +5 ring of evasion
MPRegen  0.13/turn              k - +5 ring of dexterity

@: very slightly contaminated, heavily drained, slow
A: +LOS, swims, slowness 1, strong legs 1
a: Hop


You were on level 6 of the Dungeon.
You were not hungry.

You visited 2 branches of the dungeon, and saw 8 of its levels.

You collected 346 gold pieces.

Inventory:

Hand Weapons
 a - a +0 falchion (weapon)
 o - a +2 dagger of venom
 H - a +4 rapier of distortion
 M - a +2 short sword of flaming
Missiles
 u - 4 throwing nets (quivered)
Armour
 b - a +0 leather armour (worn)
 f - a +0 pair of boots (worn)
 q - a +2 helmet (worn)
 t - a +1 helmet
 I - a +1 helmet
 J - a +0 buckler
Jewellery
 j - a +5 ring of evasion (left hand)
 k - a +5 ring of dexterity (right hand)
 n - an amulet of regeneration (around neck)
 r - an uncursed ring of positive energy {unknown}
 y - a cursed amulet of inaccuracy {unknown}
Wands
 w - a wand of paralysis (13)
 B - a wand of disintegration (6)
Scrolls
 e - 5 scrolls of remove curse
 m - 2 scrolls of amnesia {unknown}
 s - 3 scrolls of identify
 x - a scroll of noise {unknown}
 A - a scroll of fog {unknown}
 C - 2 scrolls of teleportation {unknown}
 D - 2 scrolls of blinking {unknown}
 G - a scroll of enchant weapon {unknown}
 K - a scroll of random uselessness {unknown}
Potions
 g - 2 potions of agility {unknown}
 h - 2 potions of flight {unknown}
 l - a potion of heal wounds {unknown}
 v - a potion of lignification {unknown}
 z - a potion of degeneration {unknown}
 E - 2 potions of mutation {unknown}
 L - a potion of ambrosia {unknown}
Books
 c - a book of Battle

   Spells                             Type                      Level
   a - Infusion                       Charms                       1
   b - Shroud of Golubria             Charms/Translocation         2
   c - Song of Slaying                Charms                       2
   d - Spectral Weapon                Hexes/Charms                 3
   e - Regeneration                   Charms/Necromancy            3
 F - a book of Changes

   Spells                             Type                      Level
   a - Beastly Appendage              Transmutation                1
   b - Sticks to Snakes               Transmutation                2
   c - Spider Form                    Transmutation/Poison         3
   d - Ice Form                       Ice/Transmutation            4
   e - Blade Hands                    Transmutation                5
Comestibles
 d - 3 bread rations
 i - 4 meat rations
 p - 4 royal jellies


   Skills:
 * Level 5.5(3.7) Fighting
 * Level 7.8(5.8) Long Blades
 - Level 1.3(0.0) Armour
 + Level 3.7(2.0) Dodging
 + Level 3.9(2.2) Spellcasting
 + Level 1.5(0.0) Hexes
 * Level 6.8(4.9) Charms
 + Level 0.1(0.0) Necromancy
 + Level 2.1(0.5) Translocations


You had 5 spell levels left.
You knew the following spells:

 Your Spells              Type           Power        Failure   Level  Hunger
a - Infusion              Chrm           ##..         4%          1    ##.....
b - Shroud of Golubria    Chrm/Tloc      #.........   16%         2    ###....
c - Regeneration          Chrm/Necr      #.........   34%         3    ####...
d - Spectral Weapon       Hex/Chrm       #.......     34%         3    ####...


Dungeon Overview and Level Annotations

Branches:
Dungeon (7/15)             Temple (1/1) D:6

Altars:
Ashenzari
Dithmenos
Elyvilon
Fedhas
Gozag
Hepliaklqana
Kikubaaqudgha
Makhleb
Nemelex Xobeh
Okawaru
Qazlal
Ru
Trog
Uskayaw
Vehumet
Wu Jian
Xom
Yredelemnul
Zin
The Shining One
Lugonu

Annotations:
D:3 Sigmund
D:4 BingusPrime's ghost, novice BaSk


Innate Abilities, Weirdness & Mutations

Shadows flee at your approach. (+LOS)
You can swim through water.
You cover ground slowly.
You can hop short distances.


Message History

The two-headed ogre barely misses you.
Casting: Shroud of Golubria
Confirm with . or Enter, or press ? or * to list all spells.
Space distorts slightly along a thin shroud covering your body.
You hit the two-headed ogre.
The two-headed ogre is almost dead.
The two-headed ogre completely misses you.
Your shroud bends the two-headed ogre's attack away!
You slash the two-headed ogre!
The two-headed ogre is almost dead.
The two-headed ogre hits you but does no damage.
The two-headed ogre hits you with a giant club!
* * * LOW HITPOINT WARNING * * *
Your shroud falls apart!
Casting: Shroud of Golubria
Confirm with . or Enter, or press ? or * to list all spells.
You miscast Shroud of Golubria.
You spin around.
The two-headed ogre closely misses you.
The two-headed ogre hits you with a giant club!!
You die...

#.....###.#####.#####.########)
###.#.#.###.# #......).....)..<
............# ####.###.##.#####
###.#.#.##### #.##..).......
#.....######### #....#.....###
###.....<.....####.##...#.#.###
#.#.###.#.....##.###.##.#....
#.#.# #.#....>##.###.##.#.###
#.#.# #.....@O........#.#.##
#.#.#####.....##....#.#.#..##
#....# #.....##.##.#.#.#...#
#######..# ###.####.#...........
.........# #.# #.#.####.####.
########.# #.# #.#.##.....##.
##.######.####.#.#.......#.
#######................#.......#.
........#######............_.....


You could see a two-headed ogre.

Vanquished Creatures
  Eustachio (D:6)
  A black bear (D:6)
  2 sky beasts
  An ogre (D:5)
  2 scorpions
  5 wights (D:6)
  A quasit (D:5)
  An orc priest (D:6)
  A hound (D:6)
  4 orc wizards
  2 centaur skeletons (D:4)
  An iguana (D:6)
  2 worker ants (D:4)
  2 hound skeletons
  A howler monkey zombie (D:6)
  Robin (D:3)
  7 gnolls
  A howler monkey skeleton (D:4)
  8 adders
  A shadow imp (D:6)
  An ooze (D:1)
  An adder zombie (D:6)
  An adder skeleton (D:6)
  6 worms
  2 dart slugs
  7 leopard geckos
  12 orcs
  A ball python (D:6)
  3 giant cockroaches
  15 goblins
  9 hobgoblins
  5 jackals
  2 quokkas
  8 bats
  6 frilled lizards
  9 kobolds
  A leopard gecko skeleton (D:6)
  A leopard gecko zombie (D:6)
  2 quokka zombies
  8 rats
145 creatures vanquished.

Vanquished Creatures (others)
  A spectral weapon (D:6)
1 creature vanquished.

Grand Total: 146 creatures vanquished

Notes
Turn   | Place    | Note
-------+----------+-------------------------------------------
     0 | D:1      | BingusPrime the Barachi Skald began the quest for the Orb.
     0 | D:1      | Reached XP level 1. HP: 17/17 MP: 3/3
    87 | D:1      | Reached XP level 2. HP: 23/23 MP: 1/5
   537 | D:1      | Learned a level 2 spell: Shroud of Golubria
   601 | D:1      | Reached XP level 3. HP: 27/28 MP: 6/6
  1197 | D:2      | Found an ancient bone altar of Kikubaaqudgha.
  1203 | D:2      | Reached skill level 3 in Long Blades
  1204 | D:2      | Found a stormy altar of Qazlal.
  1207 | D:2      | Found a shadowy altar of Dithmenos.
  1207 | D:2      | Found a shattered altar of Ashenzari.
  1222 | D:2      | Reached XP level 4. HP: 30/34 MP: 3/8
  1233 | D:2      | Found a blossoming altar of Fedhas.
  1233 | D:2      | Found a basalt altar of Yredelemnul.
  1233 | D:2      | Found a sparkling altar of Nemelex Xobeh.
  1233 | D:2      | Found a hide-covered altar of Uskayaw.
  1313 | D:2      | Found a bloodstained altar of Trog.
  1817 | D:3      | Noticed Robin
  1944 | D:1      | Reached skill level 4 in Long Blades
  1944 | D:1      | Reached XP level 5. HP: 25/40 MP: 3/9
  1983 | D:1      | Learned a level 3 spell: Regeneration
  2046 | D:3      | Killed Robin
  2184 | D:3      | Noticed Sigmund
  2483 | D:4      | Noticed BingusPrime's ghost (novice BaSk)
  2506 | D:4      | Reached XP level 6. HP: 47/47 MP: 7/10
  2539 | D:4      | Reached skill level 5 in Long Blades
  3519 | D:4      | Reached skill level 5 in Charms
  3707 | D:4      | Learned a level 3 spell: Spectral Weapon
  3708 | D:5      | Entered Level 5 of the Dungeon
  3723 | D:5      | Reached skill level 1 in Translocations
  3723 | D:5      | Reached XP level 7. HP: 53/53 MP: 6/11
  3737 | D:5      | Reached skill level 6 in Long Blades
  3784 | D:5      | Found a sacrificial altar of Ru.
  3958 | D:5      | Found a hazy altar of Hepliaklqana.
  4581 | D:6      | Noticed Eustachio
  4598 | D:6      | Killed Eustachio
  4598 | D:6      | Reached XP level 8. HP: 54/61 MP: 4/13
  4683 | D:6      | Reached skill level 5 in Fighting
  4836 | D:6      | Reached skill level 7 in Long Blades
  4841 | D:6      | Reached skill level 1 in Hexes
  5128 | D:6      | Found a glowing golden altar of the Shining One.
  5419 | D:6      | Found a staircase to the Ecumenical Temple.
  5459 | Temple   | Entered the Ecumenical Temple
  6201 | D:7      | Noticed a two-headed ogre
  6230 | D:6      | Mangled by a two-headed ogre

Vault maps used:
D:1:      dpeg_arrival_arbitrary_b, minmay_distorted
D:2:      grunt_temple_overflow_open, lemuel_doored_altar, first_bread
D:3:      uniq_sigmund, uniq_robin
D:5:      nicolae_ru_great_annihilating_truth, old_standard_altar,
          dk_rats_in_the_wall
D:6:      old_standard_altar, minmay_temple_entry_statues, uniq_eustachio
D:7:      serial_shops, kennysheep_mini, uniq_pikel
Temple:   corrupted_temple

Skill      XL: |  1  2  3  4  5  6  7  8 |
---------------+-------------------------+-----
Charms         | 4 5 6 |  6.8
Long Blades    | 3 4 5 6 7 |  7.8
Fighting       | 3 4 5 |  5.5
Dodging        | 3 |  3.7
Spellcasting   | 3 |  3.9
Translocations | 1 2 |  2.1
Hexes          | 1 |  1.5
Armour         | |  1.3
Necromancy     | |  0.1

Action                   |  1- 3 |  4- 6 |  7- 9 || total
-------------------------+-------+-------+-------++-------
Melee: Falchion          |    85 |   265 |   266 ||   616
 Cast: Infusion          |     2 |       |     1 ||     3
       Shroud of Golubri |     5 |    37 |    44 ||    86
       Spectral Weapon   |       |     1 |    11 ||    12
       Regeneration      |       |       |     2 ||     2
 Abil: Hop               |     1 |     6 |     4 ||    11
  Use: Scroll            |     1 |       |     2 ||     3
 Stab: Paralysed         |       |       |     2 ||     2
       Distracted        |       |       |     1 ||     1
       Sleeping          |       |       |     1 ||     1
  Eat: Chunk             |     2 |     7 |     6 ||    15
       Bread ration      |       |     1 |       ||     1
       Meat ration       |       |       |     2 ||     2
Armor: Leather armour    |    18 |    70 |    67 ||   155
Dodge: Dodged            |    73 |   350 |   273 ||   696
       Rpst.: Falchion   |    23 |   121 |    76 ||   220

Table legend:
 A = Spawn XP
 B = Non-spawn XP
 C = Spawn XP percentage of total XP
 D = Spawn monster count
 E = Non-spawn monster count
 F = Spawn count percentage of total count
 G = Total turns spent on level
                    A         B        C        D         E        F      G
               +---------+---------+-------+---------+---------+-------+---------
         Total |       0 |    2155 |   0.0 |       0 |     145 |   0.0 |  6230
               +---------+---------+-------+---------+---------+-------+---------
           D:1 |       0 |      78 |   0.0 |       0 |      30 |   0.0 |   943
           D:2 |       0 |     128 |   0.0 |       0 |      30 |   0.0 |  1139
           D:3 |       0 |     119 |   0.0 |       0 |      21 |   0.0 |   658
           D:4 |       0 |     256 |   0.0 |       0 |      12 |   0.0 |   968
           D:5 |       0 |     453 |   0.0 |       0 |      15 |   0.0 |   928
           D:6 |       0 |    1121 |   0.0 |       0 |      37 |   0.0 |  1453
               +---------+---------+-------+---------+---------+-------+---------
